 Dungeon Crawl Stone Soup version 0.28-a0-249-g9004c80361 (webtiles) character file.

Game seed: 14760633947966855468

240 GordonOverkill the Ducker (level 5, -2/25 HPs)
             Began as a Felid Necromancer on Aug 26, 2021.
             Slain by a lemure (4 damage)
             ... led by Pikel
             ... on level 4 of the Dungeon.
             The game lasted 00:12:50 (10883 turns).

GordonOverkill the Ducker (Felid Necromancer)      Turns: 10883, Time: 00:12:51

Health: -2/25      AC:  2    Str:  4    XL:     5   Next: 80%
Magic:  9/9        EV: 20    Int: 18    God:
Gold:   217        SH:  0    Dex: 17    Spells: 0/9 levels left
                                        Lives:  0   Deaths: 2

rFire   . . .      SeeInvis +     - Unarmed
rCold   . . .      Faith    .   (shield unavailable)
rNeg    . . .      Spirit   .   (armour unavailable)
rPois   .          Reflect  .   (helmet unavailable)
rElec   .          Harm     .   (cloak unavailable)
rCorr   .          Rampage  .   (gloves unavailable)
Will    .....                   (boots unavailable)
Stlth   +++.......              (no amulet)
HPRegen 0.08/turn               (no ring)
MPRegen 0.11/turn               (no ring)

@: quick
A: very small, claws 1, fangs 3, see invisible, speed 1, shaggy fur 2, stealthy
paws, no weapons or thrown items, no armour, multi-lived
a: no special abilities


You were on level 4 of the Dungeon.
You visited 1 branch of the dungeon, and saw 5 of its levels.

You collected 217 gold pieces.

Inventory:

Wands
 f - a wand of flame (21)
 i - a wand of polymorph (7)
Scrolls
 b - 2 scrolls of identify
 c - 8 scrolls of teleportation
 g - a scroll of enchant armour {unknown}
 h - a scroll of fear {unknown}
Potions
 a - a potion of brilliance
 d - 2 potions of flight
 e - 3 potions of might
 j - 2 potions of cancellation {unknown}


   Skills:
 + Level 3.8 Fighting
 + Level 6.0 Dodging
 - Level 5.0 Stealth
 * Level 4.4 Unarmed Combat
 + Level 2.5 Spellcasting
 + Level 2.4 Hexes
 - Level 4.0 Necromancy


You couldn't memorise any spells.
You knew the following spells:

 Your Spells              Type           Power      Damage    Failure   Level
a - Pain                  Necr           64%        1d7       3%          1
b - Vampiric Draining     Necr           8%         2d7       10%         3
c - Slow                  Hex            11%        N/A       10%         2
d - Confusing Touch       Hex            11%        N/A       19%         3

Your spell library contained the following spells:

 Spells                   Type           Power      Damage    Failure   Level
 Animate Skeleton         Necr           32%        N/A       3%          1
 Animate Dead             Necr           8%         N/A       32%         4
 Agony                    Necr           16%        N/A       67%         5
 Yara's Violent Unravell  Hex/Tmut       3%         3d4       96%         5


Dungeon Overview and Level Annotations

Branches:
Dungeon (5/15)             Temple (0/1) D:5

Altars:
Ru

Shops:
D:4 :

Annotations:
D:4 Pikel


Innate Abilities, Weirdness & Mutations

You have sharp claws.
You have razor-sharp teeth.
You have supernaturally acute eyesight. (SInv)
You cover ground quickly. (Speed+)
You are covered in thick fur. (AC +2)
Your paws help you pounce on unaware monsters.
You are incapable of wielding weapons or throwing items.
You cannot wear armour.
You gain extra lives every three experience levels.


Message History

You see here a +0 leather armour.
You see here a +0 dagger.
You see here a +0 flail.
A lemure is nearby!
A lemure is nearby!
A lemure is nearby!
You see here a +0 short sword.
The lemure shouts!
You scratch the lemure but do no damage.
You hear a shout!
The lemure closely misses you.
You scratch the lemure.
The lemure is lightly wounded.
The lemure hits you!
You scratch the lemure.
The lemure is moderately wounded.
The lemure barely misses you.
You closely miss the lemure.
The lemure is moderately wounded.
You scratch the lemure. You bite the lemure, but do no damage.
The lemure is heavily wounded.
The lemure hits you.
* * * LOW HITPOINT WARNING * * *
You scratch the lemure but do no damage.
The lemure is heavily wounded.
The lemure barely misses you.
You scratch the lemure but do no damage.
The lemure is heavily wounded.
The lemure completely misses you.
Pikel hits you with a +2 whip of flaming!
* * * LOW HITPOINT WARNING * * *
Pikel burns you.
* * * LOW HITPOINT WARNING * * *
You scratch the lemure.
The lemure is severely wounded.
The lemure barely misses you. Pikel misses you.
You closely miss the lemure.
The lemure is severely wounded.
The lemure hits you.
You die...

************** #)#,* *,*
#.#,* *,* #.#,* *,* #.#,*
*,* #.#,* *,* ***** #.#,#
*,* *,,,#**** #)#.###.#
######,,,#...######.[.....#
......,,,(.....5@K....#####
######***#...######.......*
*,,,,,,,,.,,,*****#.#####.#
************,,,,,,.[.,,,*,*
*******#...*,*,*
*************#####**,*
******,*,,*,,,,,,,,,,,,,,,*
,,**,,*,,,,,,,*************
,,')****,,,,,,*


You could see Pikel and a lemure.

Vanquished Creatures
  Duvessa (D:4)
  A black bear (D:4)
  An ice beast (D:4)
  An ogre (D:4)
  A lemure (D:4)
  A scorpion (D:3)
  Dowan (D:4)
  3 hounds
  Crazy Yiuf (D:4)
  2 orc priests
  An orc wizard (D:3)
  An iguana (D:4)
  4 gnolls (D:3)
  A worm (D:4)
  8 orcs
  8 endoplasms
  A giant cockroach (D:3)
  8 goblins
  5 hobgoblins
  2 quokkas
  7 ball pythons
  4 bats
  3 frilled lizards
  10 kobolds
  5 rats
81 creatures vanquished.

Notes
Turn   | Place    | Note
-------+----------+-------------------------------------------
     0 | D:1      | GordonOverkill the Felid Necromancer began the quest for
                  | the Orb.
     0 | D:1      | Reached XP level 1. HP: 7/7 MP: 4/4
   674 | D:1      | Reached skill level 3 in Dodging
   674 | D:1      | Reached XP level 2. HP: 6/12 MP: 0/6
  1291 | D:1      | Reached skill level 1 in Unarmed Combat
  1471 | D:1      | Reached skill level 1 in Fighting
  2307 | D:1      | Found a faded altar of an unknown god.
  2548 | D:2      | Reached XP level 3. HP: 13/15 MP: 4/7
  3577 | D:2      | Learned a level 3 spell: Vampiric Draining
  3719 | D:3      | Found a sacrificial altar of Ru.
  4061 | D:3      | Reached XP level 4. HP: 18/19 MP: 6/8
  4745 | D:3      | Reached skill level 4 in Dodging
  5497 | D:4      | Reached XP level 5. HP: 10/22 MP: 2/9
  6045 | D:3      | Found a sacrificial altar of Ru.
  6852 | D:4      | Found Ifef's Book Shop.
  6859 | D:4      | Noticed an ogre
  6905 | D:4      | Killed an ogre
  6906 | D:4      | Reached skill level 5 in Dodging
  6906 | D:4      | Reached skill level 5 in Stealth
  6906 | D:4      | Gained mutation: You are covered in thick fur. (AC +2)
                  | [Felid growth]
  6906 | D:4      | Reached XP level 6. HP: 17/27 MP: 2/10
  7392 | D:4      | Noticed Duvessa
  7501 | D:4      | Noticed Dowan
  7937 | D:4      | Learned a level 2 spell: Slow
  7941 | D:4      | Learned a level 3 spell: Confusing Touch
  8394 | D:4      | Killed Duvessa
  8395 | D:4      | Reached skill level 1 in Hexes
  8395 | D:4      | Reached XP level 7. HP: 27/31 MP: 1/11
  8497 | D:4      | Killed Dowan
  9062 | D:4      | Found a runed translucent door.
  9063 | D:4      | Noticed Crazy Yiuf
  9288 | D:4      | Killed Crazy Yiuf
  9604 | D:5      | Entered Level 5 of the Dungeon
  9665 | D:5      | Noticed Pikel
  9883 | D:5      | Killed from afar by an orc priest
  9884 | D:5      | Reached XP level 6. HP: -2/28 MP: 8/10
  9906 | D:5      | Noticed an ice beast
  9911 | D:5      | Found a staircase to the Ecumenical Temple.
  9924 | D:4      | Killed an ice beast
  9925 | D:4      | Reached skill level 6 in Dodging
 10377 | D:4      | Slain by Pikel
 10378 | D:4      | Reached XP level 5. HP: -3/25 MP: 2/9
 10479 | D:4      | Found Ifef's Book Shop.
 10881 | D:4      | HP: 1/25 [Pikel (2)]
 10883 | D:4      | Slain by a lemure

Illustrated notes

Levels and vault maps discovered:
D:1:      nicolae_arrival_somewhat_less_tricky_arrival, layout_rooms,
          shapermc_ecumenical_altar_mp_vishouse
D:2:      layout_basic
D:3:      layout_rooms, nicolae_ru_great_annihilating_truth,
          chequers_serial_rivers_micro_b, eino_curves_02,
          minmay_misc_feat_more_columns
D:4:      layout_basic, serial_shops, shop, uniq_crazy_yiuf_cottage,
          uniq_duvessa
D:5:      minmay_inner_zag, layout_cave_pools, nicolae_overflow_crystal_walls,
          minmay_temple_entry_junction, uniq_pikel

Skill      XL: |  1  2  3  4  5  6  7 |
---------------+----------------------+-----
Stealth        | 3 4 5 |  5.0
Dodging        | 3 4 5 6 |  6.0
Unarmed Combat | 1 2 3 4 |  4.4
Fighting       | 1 2 3 |  3.8
Hexes          | 1 2 |  2.4
Spellcasting   | |  2.5
Necromancy     | |  4.0

Action                   |  1- 3 |  4- 6 |  7- 9 || total
-------------------------+-------+-------+-------++-------
Melee: Unarmed           |       |    43 |     4 ||    47
       Bite              |       |     4 |       ||     4
       Punch             |       |     1 |       ||     1
 Cast: Pain              |    80 |    90 |    28 ||   198
       Vampiric Draining |     1 |    19 |     5 ||    25
  Use: Scroll            |     5 |     2 |       ||     7
 Stab: Sleeping          |       |     1 |       ||     1
Armor: Skin              |       |     4 |       ||     4
Dodge: Dodged            |     8 |    79 |    14 ||   101

Table legend: (Time is in decaauts)
 A = Elapsed time spent in this place.
 B = Non-inter-level travel time spent in this place.
 C = Inter-level travel time spent in this place.
 D = Time resting spent in this place.
 E = Time spent auto-exploring this place.
 F = Levels seen in this place.
 G = Mean time per level.
                   A        B        C        D        E       F      G
               +--------+--------+--------+--------+--------+-----+--------+
         Total |   9977 |   9708 |    269 |   5726 |   2859 |   5 | 1995.4 |
       Dungeon |   9977 |   9708 |    269 |   5726 |   2859 |   5 | 1995.4 |
               +--------+--------+--------+--------+--------+-----+--------+

Top non-repeatable levels by time:
     D:4: 3688 daAuts
     D:3: 2720 daAuts
     D:1: 2311 daAuts
     D:2: 1143 daAuts
     D:5: 114 daAuts
